 Dungeon Crawl Stone Soup version 0.18-a0-1390-gc02854d (webtiles) character file.

516 M4edhros the Insei (level 7, -5/43 HPs)
             Began as an Octopode Artificer on Feb 23, 2016.
             Was an Initiate of Gozag.
             Slain by a worker ant (8 damage)
             ... on level 5 of the Dungeon.
             The game lasted 00:06:41 (4354 turns).

M4edhros the Insei (Octopode Artificer)             Turns: 4354, Time: 00:06:41

Health: -5/43      AC:  1    Str:  9 (10) XL:     7   Next: 20%
Magic:  9/9        EV: 12    Int: 15 (17) God:    Gozag
Gold:   262        SH:  0    Dex: 10 (12) Spells: 0 memorised, 6 levels left

rFire  . . .     SeeInvis .       - Unarmed
rCold  . . .     Gourm    .     (no shield)
rNeg   . . .     Faith    .     (helmet restricted)
rPois  .         Spirit   .     (no amulet)
rElec  .         Dismiss  .     k - ring of wizardry
rCorr  .         Reflect  .     (no ring)
SustAt .         Harm     .     (no ring)
MR     .....                    (no ring)
Stlth  +++.......               (no ring)
                                (no ring)
                                (no ring)
                                (no ring)

@: lethally poisoned (-5 -> -8), flying, not resistant to hostile enchantments,
fairly stealthy
A: almost no armour, amphibious, 8 rings, constrict 8, camouflage 1, gelatinous
body 1
a: Potion Petition, Call Merchant, Bribe Branch, Renounce Religion


You were on level 5 of the Dungeon.
You worshipped Gozag.
Gozag was noncommittal.
You were near starving.

You visited 2 branches of the dungeon, and saw 6 of its levels.

You collected 307 gold pieces.
You paid 45 gold pieces to Gozag.

Inventory:

Jewellery
 k - a ring of wizardry (left tentacle)
Wands
 b - a wand of flame (15/48)
 c - a wand of enslavement (15/24)
 d - a wand of random effects (15/48)
Scrolls
 a - 5 scrolls of identify {unknown}
 i - a scroll of noise {unknown}
 m - a scroll of teleportation {unknown}
 n - 3 scrolls of remove curse {unknown}
 o - a scroll of blinking {unknown}
 q - 2 scrolls of magic mapping {unknown}
Potions
 g - a potion of brilliance
Comestibles
 f - 3 bread rations
 h - a slice of pizza
 r - 4 fruits


   Skills:
 - Level 1.0 Fighting
   Level 1.0 Short Blades
 - Level 2.0 Dodging
 - Level 1.3 Stealth
 + Level 7.3 Unarmed Combat
 - Level 3.2 Evocations


You had 6 spell levels left.
You didn't know any spells.

Dungeon Overview and Level Annotations

Branches:
Dungeon (5/15)             Temple (1/1) D:5

Altars:
Cheibriados
Dithmenos
Fedhas
Gozag
Kikubaaqudgha
Makhleb
Nemelex Xobeh
Okawaru
Pakellas
Qazlal
Ru
Sif Muna
Trog
Vehumet
Xom
Zin
The Shining One

Shops:
D:4 (


Innate Abilities, Weirdness & Mutations

You cannot wear most types of armour.
You are amphibious.
You can wear up to eight rings at the same time.
You can use your tentacles to constrict eight enemies at once.
Your skin changes colour to match your surroundings (Stealth).
Your rubbery body absorbs attacks (AC +1).


Message History

The worker ant bites you.
* * * LOW HITPOINT WARNING * * *
You are poisoned.
The worker ant poisons you!
You barely miss the worker ant. Your grab misses the worker ant.
The worker ant is lightly wounded.
You feel sick. The worker ant bites you.
* * * LOW HITPOINT WARNING * * *
You tentacle-slap the worker ant but do no damage.
Your grab misses the worker ant.
The worker ant is lightly wounded.
The worker ant bites you.
* * * LOW HITPOINT WARNING * * *
The worker ant closely misses you.
You closely miss the worker ant. Your grab misses the worker ant.
The worker ant is lightly wounded.
* * * LOW HITPOINT WARNING * * *
You feel sick. The worker ant bites you!
You die...
Your body crumbles into a pile of gold.

.### #..## ##[##
###.. # ##.## #..#
### ######a.#
##.....# #......##
#####.# #.....o#
#...)..# #......#
#......##########
#.............a@#
###############.$.#
###..... ##### $


You could see a worker ant.

Vanquished Creatures
  2 scorpions (D:5)
  A hound (D:4)
  2 orc priests (D:5)
  Natasha (thrice) (D:3)
  An iguana (D:5)
  A worker ant (D:5)
  A worker ant zombie (D:5)
  Robin (D:3)
  4 gnolls
  2 adders (D:3)
  2 oozes (D:2)
  3 worms
  3 dart slugs
  2 giant geckos
  17 orcs
  2 giant cockroaches
  11 goblins
  9 hobgoblins
  2 jackals (D:1)
  8 kobolds
  2 quokkas (D:3)
  A ball python (D:2)
  9 bats
  4 giant newts
  11 rats
104 creatures vanquished.

Notes
Turn   | Place    | Note
--------------------------------------------------------------
     0 | D:1      | M4edhros the Octopode Artificer began the quest for the Orb.
     0 | D:1      | Reached XP level 1. HP: 13/13 MP: 3/3
    50 | D:1      | Reached skill level 1 in Unarmed Combat
   346 | D:1      | Reached XP level 2. HP: 12/18 MP: 4/4
   587 | D:1      | Reached skill level 2 in Unarmed Combat
   677 | D:1      | Reached XP level 3. HP: 17/23 MP: 5/5
  1156 | D:2      | Found a glowing golden altar of the Shining One.
  1208 | D:2      | Reached skill level 3 in Unarmed Combat
  1210 | D:2      | Found a bloodstained altar of Trog.
  1858 | D:2      | Reached XP level 4. HP: 20/28 MP: 6/6
  1864 | D:2      | Found a sacrificial altar of Ru.
  2398 | D:2      | Reached skill level 4 in Unarmed Combat
  2679 | D:3      | Reached XP level 5. HP: 30/33 MP: 7/7
  2702 | D:3      | Found an ancient bone altar of Kikubaaqudgha.
  2756 | D:3      | Noticed Natasha
  2766 | D:3      | Killed Natasha
  2971 | D:3      | Found a shadowy altar of Dithmenos.
  3225 | D:3      | You fall through a shaft for 2 floors!
  3225 | D:5      | Entered Level 5 of the Dungeon
  3225 | D:5      | Found a staircase to the Ecumenical Temple.
  3235 | Temple   | Entered the Ecumenical Temple
  3259 | Temple   | Became a worshipper of Gozag Ym Sagoz the Greedy
  3282 | D:5      | Reached skill level 5 in Unarmed Combat
  3364 | D:5      | Reached XP level 6. HP: 24/38 MP: 8/8
  3525 | D:5      | Reached skill level 6 in Unarmed Combat
  3723 | D:3      | Noticed Natasha
  3732 | D:3      | Killed Natasha
  3735 | D:3      | Noticed Natasha
  3743 | D:3      | Killed Natasha
  3810 | D:3      | Noticed Robin
  3930 | D:3      | Killed Robin
  4042 | D:3      | Found a blossoming altar of Fedhas.
  4103 | D:3      | Reached XP level 7. HP: 28/43 MP: 9/9
  4185 | D:4      | Found Rihad's Weapon Shop.
  4316 | D:5      | Reached skill level 7 in Unarmed Combat
  4354 | D:5      | Slain by a worker ant

Vault maps used:
D:1:      dpeg_arrival_rhombi, minivault_4
D:2:      lemuel_coloured_pillars_altar, hangedman_ru_absence, bloody_trog
D:3:      lemuel_upstairs_altar, grunt_dithmenos_smoke,
          overflow_temple_1_default, fedhas_altar_2, uniq_robin, uniq_natasha
D:4:      serial_shops, kennysheep_mini, shop, shop_fountains,
          nicolae_shop_window_shopping, shop_statue, tso_altar
D:5:      minmay_temple_entry_glass, first_bread
Temple:   circular_temple_12

Skill      XL: |  1  2  3  4  5  6  7 |
---------------+----------------------+-----
Unarmed Combat | 1 2 3 4 5 6 7 |  7.3
Fighting       | |  1.0
Short Blades   | |  1.0
Dodging        | |  2.0
Stealth        | |  1.3
Evocations     | |  3.2

Action                   |  1- 3 |  4- 6 |  7- 9 || total
-------------------------+-------+-------+-------++-------
Melee: Unarmed           |    84 |   158 |    29 ||   271
  Use: Potion            |       |     4 |     4 ||     8
       Scroll            |       |       |     1 ||     1
 Stab: Sleeping          |     6 |     3 |     1 ||    10
       Distracted        |     1 |     2 |       ||     3
  Eat: Chunk             |     2 |     4 |       ||     6
       Pizza             |       |     1 |       ||     1
       Beef jerky        |       |     1 |       ||     1
